 Dungeon Crawl Stone Soup version 0.19-a0-1820-gbf060b2 (console) character file.

538 Gottschkopf the Magician (level 7, -7/36 HPs)
             Began as a Deep Elf Air Elementalist on Oct 6, 2016.
             Was an Initiate of Vehumet.
             Mangled by an iguana (11 damage)
             ... on level 4 of the Dungeon.
             The game lasted 00:09:44 (3864 turns).

Gottschkopf the Magician (DEAE)                     Turns: 3864, Time: 00:09:45

Health: -7/36      AC:  5    Str:  5    XL:     7   Next: 5%
Magic:  18/20      EV: 13    Int: 22    God:    Vehumet [......]
Gold:   169        SH:  0    Dex: 13    Spells: 5 memorised, 8 levels left

rFire  . . .     SeeInvis .     q - +1 dagger (venom)
rCold  . . .     Gourm    .     a - +0 robe
rNeg   . . .     Faith    .     (no shield)
rPois  .         Spirit   .     (no helmet)
rElec  .         Dismiss  .     (no cloak)
rCorr  .         Reflect  .     (no gloves)
MR     .....     Harm     .     x - +2 pair of boots
Stlth  ++........ Clarity  +    (no amulet)
                                (no ring)
                                (no ring)

@: very slightly contaminated, repel missiles
A: clarity, clumsy 1
a: Renounce Religion


You were on level 4 of the Dungeon.
You worshipped Vehumet.
Vehumet was noncommittal.
You were not hungry.

You visited 2 branches of the dungeon, and saw 5 of its levels.

You collected 169 gold pieces.

Inventory:

Hand Weapons
 h - a +0 dagger
 q - a +1 dagger of venom (weapon)
Missiles
 y - 6 curare-tipped needles
Armour
 a - a +0 robe (worn)
 x - a +2 pair of boots (worn)
Wands
 g - a wand of random effects (23/48)
 t - a wand of paralysis (8/24)
Scrolls
 f - a scroll of noise {unknown}
 i - 8 scrolls of identify {unknown}
 j - a scroll of fear {unknown}
 k - a scroll of teleportation {unknown}
 n - 3 scrolls of remove curse {unknown}
 r - 2 scrolls of recharging {unknown}
 v - a scroll of enchant weapon {unknown}
Potions
 e - a potion of lignification {unknown}
 m - 2 potions of might {unknown}
 p - 2 potions of curing
 w - 2 potions of heal wounds {unknown}
 A - 2 potions of mutation {unknown}
Books
 b - a book of Air

   Spells                             Type                      Level
   a - Shock                          Conjuration/Air              1
   b - Swiftness                      Charms/Air                   2
   c - Repel Missiles                 Charms/Air                   2
   d - Static Discharge               Conjuration/Air              3
   e - Lightning Bolt                 Conjuration/Air              5
Comestibles
 c - 2 bread rations
 d - 9 chunks of flesh
 l - 9 fruits
 o - 2 slices of pizza
 s - a beef jerky
 u - 3 royal jellies
 z - 2 meat rations


   Skills:
 - Level 2.4 Dodging
 - Level 2.4 Stealth
 - Level 7.9 Spellcasting
 - Level 3.8 Conjurations
 + Level 4.5 Air Magic


You had 8 spell levels left.
You knew the following spells:

 Your Spells              Type           Power        Failure   Level  Hunger
a - Shock                 Conj/Air       ####         1%          1    None
b - Repel Missiles        Chrm/Air       ###...       6%          2    None
c - Swiftness             Chrm/Air       ###.....     6%          2    None
d - Static Discharge      Conj/Air       ####....     4%          3    None
e - Lightning Bolt        Conj/Air       ####......   38%         5    #####..


Dungeon Overview and Level Annotations

Branches:
Dungeon (4/15)             Temple (1/1) D:4

Altars:
Cheibriados
Elyvilon
Fedhas
Makhleb
Nemelex Xobeh
Vehumet
Zin


Innate Abilities, Weirdness & Mutations

You possess an exceptional clarity of mind.
You are clumsy. (Dex -2)


Message History

Magic restored.
An iguana comes into view.
The iguana hisses angrily.
Casting: Shock
Confirm with . or Enter, or press ? or * to list all spells.
Aiming: Shock
Press: ? - help, Shift-Dir - straight line The zap misses the iguana.
The zap hits the iguana.
The iguana is moderately wounded.
The iguana bites you!
* * * LOW HITPOINT WARNING * * *
Unknown command.
Casting: Shock
Confirm with . or Enter, or press ? or * to list all spells.
Aiming: Shock
Press: ? - help, Shift-Dir - straight line You miscast Shock.
You are very lightly contaminated with residual magic.
Nothing appears to happen.
The iguana bites you!
You die...

.......#...##..##...#########
.......#...##..#######..##..#
..##...##+###..##...##......#
..##...##..##.......'.......#
####.......##..##...#.......#
...........##..##...#.......#
..##..###..##..#######......#
..###'###..##..##...##..#####
................@l..#...##..#
..##................+.......#
####................#.......#
...........##..##..###.###..#
...........##..##### #.###..#
####.########......# ..#....#
.###.###...##......#...#....#
.#...>.....##..##..######...#
.#.........##..##..######...#


You could see an iguana.

Vanquished Creatures
  Menkaure (D:4)
  A sky beast (D:3)
  2 orc priests (D:4)
  2 orc wizards
  3 worker ants (D:4)
  A gnoll (D:1)
  5 adders
  4 worms
  3 dart slugs
  4 leopard geckos
  10 orcs
  2 bats (D:3)
  4 giant cockroaches
  7 hobgoblins
  A quokka (D:4)
  4 frilled lizards
  3 goblins
  6 kobolds
  9 rats
72 creatures vanquished.

Notes
Turn   | Place    | Note
-------+----------+-------------------------------------------
     0 | D:1      | Gottschkopf the Deep Elf Air Elementalist began the quest for the Orb.
     0 | D:1      | Reached XP level 1. HP: 10/10 MP: 6/6
   517 | D:1      | Reached XP level 2. HP: 15/15 MP: 5/8
   523 | D:1      | Learned a level 2 spell: Repel Missiles
   526 | D:1      | Learned a level 2 spell: Swiftness
   531 | D:1      | Reached skill level 4 in Spellcasting
   894 | D:1      | Reached XP level 3. HP: 19/19 MP: 8/11
   899 | D:1      | Learned a level 3 spell: Static Discharge
   959 | D:1      | Reached skill level 5 in Spellcasting
  1574 | D:2      | Found a glowing silver altar of Zin.
  1574 | D:2      | Found a burning altar of Makhleb.
  1575 | D:2      | Noticed an Executioner
  1575 | D:2      | Noticed an angel
  1715 | D:3      | Reached skill level 6 in Spellcasting
  1715 | D:3      | Reached XP level 4. HP: 24/24 MP: 3/14
  2167 | D:3      | Noticed a sky beast
  2178 | D:3      | Killed a sky beast
  2178 | D:3      | Reached skill level 7 in Spellcasting
  2178 | D:3      | Reached XP level 5. HP: 9/28 MP: 15/17
  2185 | D:3      | Gained mutation: You are clumsy. (Dex -2) [mutagenic meat]
  2191 | D:3      | Gained mutation: You possess an exceptional clarity of mind. [mutagenic meat]
  2558 | D:3      | Learned a level 5 spell: Lightning Bolt
  2760 | D:4      | Found a staircase to the Ecumenical Temple.
  2785 | Temple   | Entered the Ecumenical Temple
  2797 | Temple   | Became a worshipper of Vehumet
  2838 | D:4      | Reached XP level 6. HP: 21/32 MP: 2/18
  3783 | D:4      | Noticed Menkaure
  3796 | D:4      | Killed Menkaure
  3796 | D:4      | Reached XP level 7. HP: 4/36 MP: 10/20
  3864 | D:4      | Mangled by an iguana

Vault maps used:
D:1:      minmay_arrival_wavy_path
D:2:      grunt_temple_overflow_order_and_chaos_2, first_bread
D:4:      uniq_menkaure
Temple:   compressed_dpeg_circular_temple

Skill      XL: |  1  2  3  4  5  6 |
---------------+-------------------+-----
Spellcasting   | 4 6 7 |  7.9
Conjurations   | 2 3 |  3.8
Air Magic      | 4 |  4.5
Dodging        | |  2.4
Stealth        | |  2.4

Action                   |  1- 3 |  4- 6 |  7- 9 || total
-------------------------+-------+-------+-------++-------
Melee: Dagger            |     1 |     8 |       ||     9
       Unarmed           |     1 |       |       ||     1
 Cast: Shock             |    72 |   105 |     2 ||   179
       Repel Missiles    |     1 |       |       ||     1
       Swiftness         |       |     1 |       ||     1
       Static Discharge  |       |     1 |       ||     1
  Use: Potion            |       |     2 |       ||     2
  Eat: Chunk             |     2 |    10 |       ||    12
Armor: Robe              |     1 |     9 |       ||    10
Dodge: Dodged            |     6 |    11 |       ||    17
       Deflected         |     2 |       |       ||     2
